AoeStats
← Schwarzschild

Runestones

508224095Analyzed
1v1 RM · 12d ago on Sep 21, 2026· 35m 18s· 2 players
Game mode
Random Map
Map size
Tiny (2 player)
Population
200
Speed
Normal
Resources
Standard
Victory
Conquest
Starting age
Dark Age
Ending age
Imperial Age
RankedLock teamsTeams togetherTeam positionsShared explorationLock speedFull tech treeHidden civsTurbo modeCheats
Victory
Defeat
🇪🇸 Armenians · Spain
1577
+16
🇵🇪 Mongols · Peru
1570
-16
Schwarzschild
6:37 Loom
9:00 Feudal Age
9:45 Double-Bit Axe
9:41 Horse Collar
17:48 Fletching
19:41 Padded Archer Armor
28:38 Castle Age
27:44 Gold Mining
28:21 Bloodlines
28:17 Scale Barding Armor
29:34 Forging
Eliot
6:35 Loom
9:12 Feudal Age
9:24 Man-at-Arms
10:05 Long Swordsman
14:07 Double-Bit Axe
17:33 Fletching
20:07 Padded Archer Armor
25:32 Castle Age
25:37 Scale Mail Armor
25:48 Forging
26:04 Two-Handed Swordsman
26:31 Gambesons
27:05 Chain Mail Armor
27:44 Arson
27:59 Squires
27:48 Arson
32:58 Iron Casting
33:02 Champion
Connection lost

Rejoining the realm…

Still unreachable

The connection could not be restored.

Session expired

The server has moved on; the page needs a fresh start.